 Dungeon Crawl Stone Soup version 0.29-a0-88-g03a7b78be7 (webtiles) character file.

Game seed: 1238289374768761781

63 enile the Magician (level 3, 0/20 HPs)
             Began as a Deep Elf Air Elementalist on Feb 5, 2022.
             Was a Believer of Nemelex Xobeh.
             Slain by a goblin (4 damage)
             ... on level 2 of the Dungeon.
             The game lasted 00:03:12 (2603 turns).

enile the Magician (Deep Elf Air Elementalist)      Turns: 2603, Time: 00:03:13

Health: 0/20       AC:  2    Str:  5    XL:     3   Next: 87%
Magic:  10/11      EV:  9    Int: 21    God:    Nemelex Xobeh [**....]
Gold:   40         SH:  0    Dex: 15    Spells: 6/12 levels left

rFire   . . .      SeeInvis .   i - +1 short sword (venom)
rCold   . . .      Faith    .   j - orb {*Rage}
rNeg    . . .      Spirit   .   a - +0 robe
rPois   .          Reflect  .   (no helmet)
rElec   .          Harm     .   (no cloak)
rCorr   .          Rampage  .   (no gloves)
Will    .....      Rage     20% (no boots)
Stlth   +.........              (no amulet)
HPRegen 0.06/turn               (no ring)
MPRegen 0.12/turn               (no ring)

@: brilliant, silenced, hasted, constricted, very quick
A: no striking features
a: Renounce Religion


You were on level 2 of the Dungeon.
You worshipped Nemelex Xobeh.
Nemelex Xobeh was pleased with you.
You visited 1 branch of the dungeon, and saw 3 of its levels.

You collected 79 gold pieces.
You spent 39 gold pieces at shops.

Inventory:

Hand Weapons
 i - a +1 short sword of venom (weapon)
 m - a +4 flail
Armour
 a - a +0 robe (worn)
 j - an orb of wrath (worn)
Scrolls
 b - 3 scrolls of identify {unknown}
 e - a scroll of fear {unknown}
 h - a scroll of enchant armour {unknown}
 k - a scroll of teleportation {unknown}
Potions
 f - a potion of flight
 l - a potion of haste


   Skills:
 - Level 1.0 Fighting
 + Level 2.5 Dodging
 - Level 2.4 Stealth
 - Level 5.0 Spellcasting
 - Level 2.0 Conjurations
 - Level 3.0 Air Magic


You had 6 spell levels left.
You knew the following spells:

 Your Spells              Type           Power      Damage    Failure   Level
a - Shock                 Conj/Air       92%        1d8       3%          1
b - Swiftness             Air            26%        N/A       10%         3
c - Static Discharge      Conj/Air       23%        N/A       6%          2

Your spell library contained the following spells:

 Spells                   Type           Power      Damage    Failure   Level
 Airstrike                Air            13%        N/A       30%         4
 Ozocubu's Armour         Ice            7%         N/A       32%         3
 Ozocubu's Refrigeration  Ice            3%         4d5       100%        7


Dungeon Overview and Level Annotations

Branches:
Dungeon (3/15)

Altars:
Cheibriados
Nemelex Xobeh

Shops:
D:1 *


Message History

The ball python grabs you.
You stop ascending the stairs.
The ball python constricts you.
You escape the ball python's grasp.
The orc hits you with a +0 club. The orc barely misses you.
The goblin hits you with a +0 club.
* * * LOW HITPOINT WARNING * * *
You climb upwards.
There is a stone staircase leading down here.
As you read the scroll labelled MUYNAN UKELIM, it crumbles to dust.
A profound silence engulfs you.
It was a scroll of silence.
The ball python closely misses you. The ball python grabs you.
The ball python constricts you. The orc closely misses you.
The goblin closely misses you.
It was a potion of curing.
You feel better. The ball python closely misses you.
The ball python constricts you. The orc hits you with a +0 falchion.
The goblin hits you but does no damage. The ball python closely misses you.
The ball python constricts you.
It was a potion of haste.
You feel yourself speed up. The orc hits you with a +0 falchion!
* * * LOW HITPOINT WARNING * * *
The ball python bites you.
* * * LOW HITPOINT WARNING * * *
The ball python constricts you.
* * * LOW HITPOINT WARNING * * *
The goblin closely misses you.
It was a potion of brilliance.
You feel clever all of a sudden.
The ball python bites you but does no damage.
The ball python constricts you. The orc hits you with a +0 falchion.
* * * LOW HITPOINT WARNING * * *
You feel better. The goblin hits you with a +0 club.
* * * LOW HITPOINT WARNING * * *
You hit the orc.
The orc is poisoned.
The orc is moderately wounded.
The ball python bites you.
* * * LOW HITPOINT WARNING * * *
The ball python constricts you.
* * * LOW HITPOINT WARNING * * *
The orc barely misses you. The goblin hits you with a +0 club.
You die...
Your body disappears without a glow.

.#
##.....####.#.......###.##
.#
#..........###.......##)#
##
##.....###..#........#.##
#.....## ##..####.##..##
#.##.## #.## ##...##
#.#### #.# ###.# ####.####
#.# #.# #.......# ###.###
#.# #.##.##.# #@oo..# #.#
#.......# #gS...#
####.#### #..#.#..#
#.....# #.......#
#..#.#..# #.....#
#.##.##.# #..#.#..#
#.....# #.##.##.#
#.......# #######
#.##.##.# ##.#.#.## ###
#.##.##.# #.....# ##.##
#.##.##.# ###.### ##.#.##
#.......#


You could see 2 orcs, a goblin and a ball python.

Vanquished Creatures
  A gnoll (D:2)
  A worm (D:2)
  A dart slug (D:2)
  5 bats
  3 endoplasms
  3 giant cockroaches
  2 goblins
  A hobgoblin (D:1)
  7 quokkas
  8 ball pythons
  6 frilled lizards
  5 kobolds
  3 rats
46 creatures vanquished.

Notes
Turn   | Place    | Note
-------+----------+-------------------------------------------
     0 | D:1      | enile the Deep Elf Air Elementalist began the quest for the
                  | Orb.
     0 | D:1      | Reached XP level 1. HP: 10/10 MP: 6/6
   112 | D:1      | Reached skill level 1 in Fighting
   247 | D:1      | Reached XP level 2. HP: 16/16 MP: 0/8
   500 | D:1      | Noticed a golden eye
   502 | D:1      | Found a faded altar of an unknown god.
   505 | D:1      | Noticed an eye of devastation
   505 | D:1      | Noticed a shining eye
   505 | D:1      | Noticed a floating eye
   585 | D:1      | Found Yxetetub's General Store.
   593 | D:1      | Bought a potion of flight for 39 gold pieces
   642 | D:1      | Prayed at the altar of an unknown god.
   642 | D:1      | Became a worshipper of Nemelex Xobeh the Trickster
   642 | D:1      | Reached * piety under Nemelex Xobeh
   642 | D:1      | Received a gift from Nemelex Xobeh
   921 | D:1      | Reached skill level 4 in Spellcasting
  1649 | D:2      | Reached XP level 3. HP: 19/20 MP: 4/11
  1750 | D:2      | Learned a level 3 spell: Swiftness
  1754 | D:2      | Found a snail-covered altar of Cheibriados.
  2087 | D:2      | Reached ** piety under Nemelex Xobeh
  2257 | D:2      | Reached skill level 5 in Spellcasting
  2260 | D:2      | Learned a level 2 spell: Static Discharge
  2601 | D:2      | HP: 1/20 [orc (1)]
  2603 | D:2      | Slain by a goblin

Illustrated notes

Levels and vault maps discovered:
D:1:      lordsloth_arrival_two_stooges, layout_basic, serial_shops, shop,
          hellmonk_ecumenical_altar_watching_god, serial_park_tiny_pond
D:2:      layout_loops_cross, basic_altar, minmay_pentomino_s2
D:3:      layout_loops_cross, mainiacjoe_overflow_catwalk_spiral,
          gammafunk_ghost_mausoleum, uniq_jessica, uniq_crazy_yiuf_cottage,
          uniq_ijyb, uniq_grinder

Skill      XL: |  1  2  3 |
---------------+----------+-----
Fighting       | 1 |  1.0
Spellcasting   | 4 5 |  5.0
Conjurations   | 2 |  2.0
Dodging        | |  2.5
Stealth        | |  2.4
Air Magic      | |  3.0

Action                   || total
-------------------------++-------
Melee: Unarmed           ||     9
       Short sword       ||    10
 Cast: Shock             ||    95
  Use: Potion            ||     4
       Scroll            ||     1
 Stab: Sleeping          ||     1
Armor: Robe              ||    14
Dodge: Dodged            ||    38

Table legend: (Time is in decaauts)
 A = Elapsed time spent in this place.
 B = Non-inter-level travel time spent in this place.
 C = Inter-level travel time spent in this place.
 D = Time resting spent in this place.
 E = Time spent auto-exploring this place.
 F = Levels seen in this place.
 G = Mean time per level.
                   A        B        C        D        E       F      G
               +--------+--------+--------+--------+--------+-----+--------+
         Total |   2617 |   2514 |    103 |    300 |   1957 |   3 |  872.3 |
       Dungeon |   2617 |   2514 |    103 |    300 |   1957 |   3 |  872.3 |
               +--------+--------+--------+--------+--------+-----+--------+

Top non-repeatable levels by time:
     D:1: 1613 daAuts
     D:2: 997 daAuts
     D:3: 7 daAuts
